cohdb
Replays
Latest Replays
All Replays
Popular Replays
Top Player Replays
Match Explorer
How It Works
Community
CoH3 Stats
Reddit
Sign in to upload your games and track your stats! →
Sign in with Steam
Match 42292168
Unlisted
Match 42292168
Overview
Messages
Build Orders
End
Scout Squad
Construct Barracks
1⁄4-ton 4x4 Truck
Riflemen Squad
Riflemen Squad
Infantry Support Center
Construct Weapon Support Center
Engineer Squad
M3 Armored Personnel Carrier
Construct Medical Station
Selects Heavy Weapons
Selects Assault Carriers
Selects Exchangeable Parts
M1918 Browning Automatic Rifles
M1919 Machine Gun Team
Grenade Package
Selects M2HB .50cal Heavy Machine Gun
M3 Assault Carrier
M3 Assault Carrier
M3 Assault Carrier
Survival Training
Riflemen Squad
Selects M26 Pershing Heavy Tank
M26 Pershing Heavy Tank
Engineer Squad
Selects Rapid Reposition
Selects Black Dragon Artillery Barrage
Black Dragon Artillery Barrage
M26 Pershing Heavy Tank
Riflemen Squad
Engineer Squad
Insomniac
WhyMeowMeow
Dominik
beniu
0
0
Comments
sign in to comment!
No comments posted yet!